DBL
MINNESOTA TWINS @ MILWAUKEE CREAMS
07/01/1997
 
TOP OF THE 1ST
Minnesota Twins batting - Pitching for Milwaukee Creams : RHP Mark Portugal
Pitching: RHP Mark Portugal
Batting: LHB Darin Erstad 0-0: Ball
1-0: Foul Ball, location: 2F
1-1: Ground out 4-3 (Groundball, 4MS, EV 87.5 MPH)
Batting: LHB Kal Daniels 0-0: Called Strike
0-1: Foul Ball, location: 2F
0-2: Foul Ball, location: 2F
0-2: Fly out, F8 (Flyball, 89S, EV 85.6 MPH)
Batting: RHB Frank Thomas 0-0: Ball
1-0: Swinging Strike
1-1: Foul Ball, location: 2F
1-2: Ball
2-2: Ball
3-2: Fly out, F9 (Flyball, 9D, EV 90.6 MPH)
Top of the 1st over - 0 runs, 0 hits, 0 errors, 0 left on base; Minnesota 0 - Milwaukee 0
BOTTOM OF THE 1ST
Milwaukee Creams batting - Pitching for Minnesota Twins : LHP Darren Oliver
Pitching: LHP Darren Oliver
Batting: RHB Mark Loretta 0-0: Called Strike
0-1: Foul Ball, location: 2F
0-2: SINGLE (Groundball, 34S, EV 90.0 MPH) (infield hit)
Batting: SHB Chipper Jones 0-0: Ball
1-0: Ball
2-0: Fly out, F8 (Flyball, 78D, EV 100.0 MPH)
Batting: SHB Ken Caminiti 0-0: Called Strike
0-1: Foul Ball, location: 2F
0-2: Ball
1-2: Strikes out swinging
Batting: LHB Carlos Delgado 0-0: Foul Ball, location: 2F
0-1: Called Strike
0-2: Ball
1-2: Fly out, F7 (Flyball, 78XD, EV 99.4 MPH)
Bottom of the 1st over - 0 runs, 1 hit, 0 errors, 1 left on base; Minnesota 0 - Milwaukee 0
TOP OF THE 2ND
Minnesota Twins batting - Pitching for Milwaukee Creams : RHP Mark Portugal
Batting: LHB Larry Walker 0-0: Called Strike
0-1: Swinging Strike
0-2: Strikes out swinging
Batting: RHB Koji Akiyama 0-0: Ball
1-0: Swinging Strike
1-1: Foul Ball, location: 2F
1-2: Strikes out swinging
Batting: SHB Brent Gates 0-0: Foul Ball, location: 2F
0-1: Foul Ball, location: 2F
0-2: Ball
1-2: SOLO HOME RUN (Flyball, 89XD, EV 88.1 MPH), Distance : 390 ft
Batting: RHB Mark Grudzielanek 0-0: Ball
1-0: Ground out U3 (Groundball, 34, EV 88.1 MPH)
Top of the 2nd over - 1 run, 1 hit, 0 errors, 0 left on base; Minnesota 1 - Milwaukee 0
BOTTOM OF THE 2ND
Milwaukee Creams batting - Pitching for Minnesota Twins : LHP Darren Oliver
Batting: LHB John Elway 0-0: Called Strike
0-1: Ball
1-1: Ball
2-1: Ball
3-1: Foul Ball, location: 2F
3-2: Base on Balls
Batting: LHB Steve Finley 0-0: Swinging Strike
0-1: SINGLE (Groundball, 4MS, EV 69.4 MPH) (infield hit)
John Elway to second
Batting: LHB Tyler Houston 0-0: Called Strike
0-1: Ball
1-1: Called Strike
1-2: Ball
2-2: Foul Ball, location: 2F
2-2: Foul Ball, location: 2F
2-2: Strikes out swinging
Batting: RHB Shawon Dunston 0-0: Called Strike
0-1: Ball
1-1: Foul Ball, location: 2F
1-2: Strikes out swinging
Batting: RHB Ken R. Williams 0-0: Ball
1-0: Foul Ball, location: 2F
1-1: Foul Ball, location: 2F
1-2: Ball
2-2: Fly out, F9 (Flyball, 9, EV 85.6 MPH)
Bottom of the 2nd over - 0 runs, 1 hit, 0 errors, 2 left on base; Minnesota 1 - Milwaukee 0
TOP OF THE 3RD
Minnesota Twins batting - Pitching for Milwaukee Creams : RHP Mark Portugal
Batting: RHB Eddie Perez 0-0: Ball
1-0: Foul Ball, location: 2F
1-1: Called Strike
1-2: Strikes out swinging
Batting: RHB Rey Ordonez 0-0: Swinging Strike
0-1: Ball
1-1: Swinging Strike
1-2: Ball
2-2: Foul Ball, location: 2F
2-2: Ground out 1-3 (Groundball, 34S, EV 72.5 MPH)
Batting: LHB Darin Erstad 0-0: Ball
1-0: SINGLE (Line Drive, 4MD, EV 103.8 MPH)
Batting: LHB Kal Daniels 0-0: Called Strike
0-1: Called Strike
0-2: Ball
1-2: Ball
Darin Erstad steals 2nd base (no throw)
2-2: Foul Ball, location: 2F
2-2: Ball
3-2: Foul Ball, location: 2F
3-2: Base on Balls
Batting: RHB Frank Thomas 0-0: Called Strike
0-1: Swinging Strike
0-2: Ball
1-2: Ball
2-2: Ball
3-2: SINGLE (Groundball, 56D, EV 103.1 MPH)
Darin Erstad to third
Kal Daniels to second
Darin Erstad scores
Kal Daniels to third
Batting: LHB Larry Walker 0-0: Swinging Strike
0-1: Ball
1-1: Fly out, F8 (Flyball, 8RS, EV 90.6 MPH)
Top of the 3rd over - 1 run, 2 hits, 0 errors, 2 left on base; Minnesota 2 - Milwaukee 0
BOTTOM OF THE 3RD
Milwaukee Creams batting - Pitching for Minnesota Twins : LHP Darren Oliver
Batting: RHB Mark Loretta 0-0: Ball
1-0: Fly out, F9 (Flyball, 9, EV 90.6 MPH)
Batting: SHB Chipper Jones 0-0: Ball
1-0: Ball
2-0: Ball
3-0: Called Strike
3-1: Base on Balls
Batting: SHB Ken Caminiti 0-0: Ball
1-0: Foul Ball, location: 2F
1-1: Grounds into double play, 6-4-3 (Groundball, 6M, EV 103.1 MPH)
Bottom of the 3rd over - 0 runs, 0 hits, 0 errors, 0 left on base; Minnesota 2 - Milwaukee 0
TOP OF THE 4TH
Minnesota Twins batting - Pitching for Milwaukee Creams : RHP Mark Portugal
Batting: RHB Koji Akiyama 0-0: Ball
1-0: Ball
2-0: Ground out 2-3 (Groundball, 2R, EV 74.4 MPH)
Batting: SHB Brent Gates 0-0: Swinging Strike
0-1: SINGLE (Line Drive, 7LS, EV 92.5 MPH)
Batting: RHB Mark Grudzielanek 0-0: Called Strike
Brent Gates is caught stealing 2nd base 2-4
0-1: Ground out 4-3 (Groundball, 34, EV 90.0 MPH)
Top of the 4th over - 0 runs, 1 hit, 0 errors, 0 left on base; Minnesota 2 - Milwaukee 0
BOTTOM OF THE 4TH
Milwaukee Creams batting - Pitching for Minnesota Twins : LHP Darren Oliver
Batting: LHB Carlos Delgado 0-0: Ball
1-0: Ball
2-0: Called Strike
2-1: SINGLE (Groundball, 4D, EV 96.3 MPH)
Batting: LHB John Elway 0-0: Ball
1-0: 2-RUN HOME RUN (Flyball, 9D, EV 105.0 MPH), Distance : 393 ft
Batting: LHB Steve Finley 0-0: Ball
1-0: Bunt for hit to 13 - play at first, batter OUT! 1-3
Batting: LHB Tyler Houston 0-0: Fly out, F8 (Flyball, 89D, EV 96.3 MPH)
Batting: RHB Shawon Dunston 0-0: Ball
1-0: Called Strike
1-1: Ball
2-1: Foul Ball, location: 2F
2-2: Ball
3-2: Fly out, F9 (Flyball, 89XD, EV 110.0 MPH)
Bottom of the 4th over - 2 runs, 2 hits, 0 errors, 0 left on base; Minnesota 2 - Milwaukee 2
TOP OF THE 5TH
Minnesota Twins batting - Pitching for Milwaukee Creams : RHP Mark Portugal
Batting: RHB Eddie Perez 0-0: Called Strike
0-1: Swinging Strike
0-2: Ball
1-2: DOUBLE (Line Drive, 89D, EV 100.6 MPH)
Batting: RHB Rey Ordonez 0-0: Bunted foul
0-1: Ball
1-1: Sac Bunt to 2R - play at first, batter OUT! 2-4
Eddie Perez to third
Batting: LHB Darin Erstad 0-0: Swinging Strike
0-1: 2-RUN HOME RUN (Flyball, 9D, EV 101.3 MPH), Distance : 369 ft
Batting: LHB Kal Daniels 0-0: Called Strike
0-1: Foul Ball, location: 2F
0-2: Foul Ball, location: 2F
0-2: Ball
1-2: Strikes out swinging
Batting: RHB Frank Thomas 0-0: Ball
1-0: Called Strike
1-1: Foul Ball, location: 2F
1-2: Ball
2-2: Ball
3-2: SINGLE (Line Drive, 89S, EV 97.5 MPH)
Batting: LHB Larry Walker 0-0: Ball
1-0: Ground out U3 (Groundball, 3, EV 76.9 MPH)
Top of the 5th over - 2 runs, 3 hits, 0 errors, 1 left on base; Minnesota 4 - Milwaukee 2
BOTTOM OF THE 5TH
Milwaukee Creams batting - Pitching for Minnesota Twins : LHP Darren Oliver
Batting: RHB Ken R. Williams 0-0: Foul Ball, location: 2F
0-1: Called Strike
0-2: Ball
1-2: Strikes out swinging
Batting: RHB Mark Loretta 0-0: Ball
1-0: Foul Ball, location: 2F
1-1: Ball
2-1: Ground out 6-3 (Groundball, 6, EV 103.1 MPH)
Batting: SHB Chipper Jones 0-0: Foul Ball, location: 2F
0-1: Foul Ball, location: 2F
0-2: Ground out 6-3 (Groundball, 6, EV 106.9 MPH)
Bottom of the 5th over - 0 runs, 0 hits, 0 errors, 0 left on base; Minnesota 4 - Milwaukee 2
TOP OF THE 6TH
Minnesota Twins batting - Pitching for Milwaukee Creams : RHP Mark Portugal
Batting: RHB Koji Akiyama 0-0: Swinging Strike
0-1: Ball
1-1: Ball
2-1: Ball
3-1: Called Strike
3-2: Base on Balls
Pitching: LHP Jeff Calhoun
Batting: SHB Brent Gates 0-0: Called Strike
0-1: Bunt missed!
0-2: Ball
Koji Akiyama steals 2nd base
1-2: Foul Ball, location: 2F
1-2: Ball
2-2: Fly out, F5 (Line Drive, 5, EV 60.6 MPH)
Batting: RHB Mark Grudzielanek 0-0: Intentional Walk
Batting: RHB Eddie Perez 0-0: Ball
1-0: Called Strike
Koji Akiyama steals 3rd base
Mark Grudzielanek to second
1-1: Intentional Walk
Batting: RHB Rey Ordonez 0-0: Ball
1-0: Ball
2-0: Called Strike
2-1: Called Strike
2-2: SINGLE (Groundball, 56, EV 95.0 MPH)
Koji Akiyama scores
Mark Grudzielanek to third
Eddie Perez to second
Runner from 3rd tries for Home, SAFE, throw by LF to home
Batting: LHB Darin Erstad 0-0: Fly out, F8 (Flyball, 8LS, EV 75.6 MPH)
Batting: LHB Kal Daniels 0-0: Fly out, F9 (Flyball, 9D, EV 94.4 MPH)
Top of the 6th over - 2 runs, 1 hit, 0 errors, 2 left on base; Minnesota 6 - Milwaukee 2
BOTTOM OF THE 6TH
Milwaukee Creams batting - Pitching for Minnesota Twins : LHP Darren Oliver
Batting: SHB Ken Caminiti 0-0: Ball
1-0: Ground out 4-3 (Groundball, 4, EV 78.1 MPH)
Batting: LHB Carlos Delgado 0-0: SINGLE (Line Drive, 89M, EV 98.1 MPH)
Batting: LHB John Elway 0-0: Called Strike
0-1: Ball
1-1: Foul Ball, location: 2F
1-2: Ball
2-2: Foul Ball, location: 2F
2-2: Ball
3-2: Base on Balls
Carlos Delgado to second
Pitching: RHP Jerry Spradlin
Batting: LHB Steve Finley 0-0: Fly out, F5 (Popup, 5, EV 81.3 MPH)
Batting: LHB Tyler Houston 0-0: Foul Ball, location: 2F
0-1: Ball
1-1: Ball
2-1: Ball
3-1: Base on Balls
Carlos Delgado to third
John Elway to second
Batting: RHB Shawon Dunston 0-0: Fielders Choice at 2nd, 6-4 (Groundball, 6, EV 100.6 MPH)
Bottom of the 6th over - 0 runs, 1 hit, 0 errors, 3 left on base; Minnesota 6 - Milwaukee 2
TOP OF THE 7TH
Minnesota Twins batting - Pitching for Milwaukee Creams : LHP Jeff Calhoun
Batting: RHB Frank Thomas 0-0: Ball
1-0: Fly out, F8 (Flyball, 8LS, EV 85.6 MPH)
Batting: LHB Larry Walker 0-0: Called Strike
0-1: Foul Ball, location: 2F
0-2: Ball
1-2: Strikes out looking
Batting: RHB Koji Akiyama 0-0: Fly out, F9 (Flyball, 9S, EV 85.6 MPH)
Top of the 7th over - 0 runs, 0 hits, 0 errors, 0 left on base; Minnesota 6 - Milwaukee 2
BOTTOM OF THE 7TH
Milwaukee Creams batting - Pitching for Minnesota Twins : RHP Jerry Spradlin
Batting: RHB Ken R. Williams 0-0: Ball
1-0: Foul Ball, location: 2F
1-1: Ball
2-1: SINGLE (Line Drive, 56D, EV 99.4 MPH)
Batting: RHB Mark Loretta 0-0: Called Strike
0-1: Ball
1-1: Sac Bunt to 5S - play at first, batter OUT! 5-4
Ken R. Williams to second
Batting: SHB Chipper Jones 0-0: Swinging Strike
0-1: Ball
1-1: Fly out, F8 (Flyball, 8LS, EV 83.1 MPH)
Batting: SHB Ken Caminiti 0-0: Ball
1-0: Ground out 4-3 (Groundball, 34D, EV 90.6 MPH)
Bottom of the 7th over - 0 runs, 1 hit, 0 errors, 1 left on base; Minnesota 6 - Milwaukee 2
TOP OF THE 8TH
Minnesota Twins batting - Pitching for Milwaukee Creams : LHP Jeff Calhoun
Batting: SHB Brent Gates 0-0: Called Strike
0-1: Ground out 4-3 (Groundball, 34, EV 82.5 MPH)
Batting: RHB Mark Grudzielanek 0-0: Fly out, F8 (Flyball, 89M, EV 86.9 MPH)
Batting: RHB Eddie Perez 0-0: Called Strike
0-1: Ball
1-1: Called Strike
1-2: Ball
2-2: SINGLE (Line Drive, 89M, EV 93.1 MPH)
Batting: RHB Rey Ordonez 0-0: Ball
1-0: Ball
2-0: Fly out, F6 (Line Drive, 6, EV 75.0 MPH)
Top of the 8th over - 0 runs, 1 hit, 0 errors, 1 left on base; Minnesota 6 - Milwaukee 2
BOTTOM OF THE 8TH
Milwaukee Creams batting - Pitching for Minnesota Twins : RHP Jerry Spradlin
Batting: LHB Carlos Delgado 0-0: Ground out U3 (Groundball, 3, EV 90.6 MPH)
Batting: LHB John Elway 0-0: SINGLE (Groundball, 4MD, EV 101.9 MPH)
Batting: LHB Steve Finley 0-0: Swinging Strike
0-1: Fly out, F7 (Flyball, 78S, EV 76.9 MPH)
Batting: LHB Tyler Houston 0-0: Called Strike
0-1: Foul Ball, location: 2F
0-2: Ball
1-2: Foul Ball, location: 2F
1-2: SINGLE (Groundball, 34D, EV 100.6 MPH)
John Elway to second
Runner from 2nd tries for 3rd, SAFE, no throw by RF
Batting: RHB Shawon Dunston 0-0: Ball
1-0: Swinging Strike
1-1: Swinging Strike
1-2: Foul Ball, location: 2F
1-2: Strikes out looking
Bottom of the 8th over - 0 runs, 2 hits, 0 errors, 2 left on base; Minnesota 6 - Milwaukee 2
TOP OF THE 9TH
Minnesota Twins batting - Pitching for Milwaukee Creams : LHP Jeff Calhoun
Batting: LHB Darin Erstad 0-0: Ground out U3 (Groundball, 3, EV 100.0 MPH)
Batting: LHB Kal Daniels 0-0: Ball
1-0: Foul Ball, location: 2F
1-1: Swinging Strike
1-2: Foul Ball, location: 2F
1-2: Strikes out swinging
Batting: RHB Frank Thomas 0-0: Called Strike
0-1: Ball
1-1: Called Strike
1-2: Foul Ball, location: 2F
1-2: Foul Ball, location: 2F
1-2: Strikes out swinging
Top of the 9th over - 0 runs, 0 hits, 0 errors, 0 left on base; Minnesota 6 - Milwaukee 2
BOTTOM OF THE 9TH
Milwaukee Creams batting - Pitching for Minnesota Twins : RHP Jerry Spradlin
Batting: RHB Ken R. Williams 0-0: Foul Ball, location: 2F
0-1: Ball
1-1: Called Strike
1-2: Foul Ball, location: 2F
1-2: Foul Ball, location: 2F
1-2: Strikes out swinging
Pitching: RHP Trevor Hoffman
Batting: RHB Mark Loretta 0-0: Called Strike
0-1: Fly out, F9 (Flyball, 9S, EV 90.6 MPH)
Batting: SHB Chipper Jones 0-0: Swinging Strike
0-1: Swinging Strike
0-2: Foul Ball, location: 2F
0-2: Foul Ball, location: 2F
0-2: Strikes out looking
Bottom of the 9th over - 0 runs, 0 hits, 0 errors, 0 left on base; Minnesota 6 - Milwaukee 2
Wednesday, March 4th, 2026 - OOTP Baseball 20.8 Build 74